AoeStats
← nachvil

Nomad

504906208Analyzed
2v2 RM · 26d ago on Sep 7, 2026· 31m 25s· 4 players
Game mode
Random Map
Map size
176×176
Population
200
Speed
Normal
Resources
Standard
Victory
Conquest
Starting age
Dark Age
Ending age
Imperial Age
RankedLock teamsTeams togetherTeam positionsShared explorationLock speedFull tech treeHidden civsTurbo modeCheats
Victory
Defeat
🇨🇴 Sicilians · Colombia
907
+14
🇦🇷 Goths · Argentina
884
+14
🇨🇱 Vietnamese · Chile
856
-38
🇨🇱 Burgundians · Chile
856
-38
Toxiquin
4:03 Loom
13:49 Feudal Age
16:12 Double-Bit Axe
16:56 Town Watch
23:38 Wheelbarrow
25:15 Horse Collar
25:53 Bloodlines
30:54 Castle Age
31:51 Bow Saw
nachvil
11:58 Wheelbarrow
13:54 Feudal Age
12:20 Double-Bit Axe
13:10 Horse Collar
20:33 Arson
25:53 Bow Saw
GordoBasofia
6:17 Loom
13:47 Feudal Age
14:22 Double-Bit Axe
17:34 Horse Collar
22:27 Castle Age
24:39 Pikeman
27:47 Squires
30:53 Imperial Age
29:28 Forging
29:19 Scale Mail Armor
31:55 Anarchy
SteamierCape128
3:35 Loom
15:15 Feudal Age
16:02 Double-Bit Axe
16:02 Horse Collar
16:24 Fishing Lines
20:19 Wheelbarrow
20:04 Gold Mining
20:18 Stone Mining
27:41 Castle Age
25:59 Forging
25:50 Scale Mail Armor
26:45 Town Watch
27:20 Fletching
31:24 Gillnets
Connection lost

Rejoining the realm…

Still unreachable

The connection could not be restored.

Session expired

The server has moved on; the page needs a fresh start.